 Dungeon Crawl Stone Soup version 0.31.0-11-ge490571c62 (webtiles) character file.

Game seed: 5164465375974768417

67 qw the Shooter (level 3, -3/18 HPs)
             Began as a Spriggan Hunter on Feb 4, 2024.
             Slain by Natasha (6 damage)
             ... on level 2 of the Dungeon.
             The game lasted 00:00:04 (1091 turns).

qw the Shooter (Spriggan Hunter)                    Turns: 1091, Time: 00:00:04

Health: -3/18      AC:  2    Str:  7    XL:     3   Next: 98%
Magic:  4/4        EV: 19    Int: 10    God:
Gold:   66         SH:  0    Dex: 20    Spells: 2/2 levels left

rFire   . . .        a - +0 shortbow
rCold   . . .        (shield currently unavailable)
rNeg    . . .        c - +0 robe
rPois   .            (helmet restricted)
rElec   .            (no cloak)
rCorr   .            (gloves unavailable)
SInv    +            (boots unavailable)
Will    .....        e - amulet of the acrobat
Stlth   ++           (no ring)
HPRegen 0.23/turn    (no ring)
MPRegen 0.09/turn

%: acrobat
@: very quick
A: very small, no large weapons, unfitting armour, see invisible, speed 3
a: no special abilities


You were on level 2 of the Dungeon.
You visited 1 branch of the dungeon, and saw 2 of its levels.

You collected 66 gold pieces.


Innate Abilities, Weirdness & Mutations

You are very small and have problems with some larger weapons.
You are too small for most types of armour.
You have supernaturally acute eyesight. (SInv)
You cover ground extremely quickly. (Speed+++)


   Skills:
 - Level 1.5 Fighting
 - Level 5.0 Ranged Weapons
 + Level 4.2 Dodging
 - Level 1.5 Stealth


You had 2 spell levels left.
You didn't know any spells.
Your spell library was empty.

Inventory:

Hand Weapons
 a - a +0 shortbow (weapon)
Armour
 c - a +0 robe (worn)
Jewellery
 e - an amulet of the acrobat (around neck)
Potions
 g - a potion of might {unknown}
 i - a potion of attraction {unknown}

Dungeon Overview and Level Annotations

Branches:
Dungeon (2/15)

Altars:

Annotations:
D:2 Natasha


Message History

Natasha mumbles some strange words.
Natasha wildly gestures.
You feel troubled.
Natasha mumbles some strange words.
You shoot an arrow.
The arrow barely misses the cerulean imp.
Enter note: You shoot an arrow.
The arrow completely misses the cerulean imp.
You shoot an arrow. The arrow misses the cerulean imp.
The cerulean imp misses you.
You shoot an arrow. The arrow hits the cerulean imp!
The cerulean imp is severely wounded.
The cerulean imp misses you. Natasha casts a spell at you.
The magic dart hits you.
Enter note:
1085 ||| RETREEEEATING.
Enter note: You shoot an arrow.
The arrow closely misses the cerulean imp.
The cerulean imp hits you from afar with a +1 spear.
The cerulean imp hits you from afar with a +2 spear.
You shoot an arrow. The arrow hits the cerulean imp.
The cerulean imp is almost dead.
The cerulean imp closely misses you.
The cerulean imp hits you from afar with a +1 spear.
You shoot an arrow. The arrow hits the cerulean imp.
You kill the cerulean imp!
The cerulean imp disappears in a puff of smoke!
The cerulean imp hits you from afar with a +2 spear.
You shoot an arrow.
The arrow hits the cerulean imp but does no damage.
The cerulean imp disappears in a puff of smoke!
You shoot an arrow. The arrow barely misses Natasha.
You shoot an arrow. The arrow hits Natasha.
Natasha is moderately wounded.
Natasha closely misses you. Natasha claws you.
You die...
Natasha begins licking her fur clean.

.. ###..........<..##..
#.##...................
#.............####...##
...........(..# #.....
.............# #...).
.............# #.....
...[#.#.###### #....<
#. ##...# #.......
#...#.@.## #...####
#......h# #..#
#........ยค......#..
...................
........)........
...............[
................
................
...............


You could see Natasha.

Vanquished Creatures
  Terence (D:1)
  A dart slug (D:2)
  3 endoplasms
  2 giant cockroaches (D:1)
  5 goblins
  3 hobgoblins
  4 jackals (D:1)
  4 quokkas
  A ball python (D:1)
  3 bats (D:1)
  2 frilled lizards (D:1)
  4 rats
33 creatures vanquished.

Notes
Turn   | Place    | Note
-------+----------+-------------------------------------------
     0 | D:1      | qw the Spriggan Hunter began the quest for the Orb.
     0 | D:1      | Reached XP level 1. HP: 10/10 MP: 2/2
     0 | D:1      | 0 ||| qw: Version: 0.3-a-160-g6735b56
     0 | D:1      | 0 ||| qw: Game counter: 5414
     0 | D:1      | 0 ||| qw: Melee chars always use a shield: true
     0 | D:1      | 0 ||| qw: God list: Okawaru
     0 | D:1      | 0 ||| qw: Allow faded altars: false
     0 | D:1      | 0 ||| qw: Do Orc after clearing Dungeon:15 true
     0 | D:1      | 0 ||| qw: Do second Lair branch before Depths: true
     0 | D:1      | 0 ||| qw: Lair rune preference: random
     0 | D:1      | 0 ||| qw: Goals: Normal
     0 | D:1      | 0 ||| PLANNING D:1-11
   174 | D:1      | Reached skill level 3 in Dodging
   185 | D:1      | HP: 2/10 [jackal (3)]
   246 | D:1      | Reached XP level 2. HP: 14/14 MP: 3/3
   831 | D:1      | Reached XP level 3. HP: 18/18 MP: 4/4
   893 | D:1      | 893 ||| UPGRADING to amulet of the acrobat.
   898 | D:1      | 898 ||| READING scroll labelled WOGUSO EZU.
   899 | D:1      | 899 ||| READING scroll labelled TECIUTS MITT.
   900 | D:1      | 900 ||| DRINKING 2 silvery potions.
   901 | D:1      | 901 ||| DROPPING scroll of butterflies.
   968 | D:2      | Noticed Terence
   972 | D:2      | 972 ||| STAIRDANCE
   982 | D:1      | HP: 4/18 [Terence/+0 short sword (8)]
   983 | D:1      | 983 ||| DRINKING potion of heal wounds.
   985 | D:1      | Killed Terence
  1038 | D:2      | Reached skill level 5 in Ranged Weapons
  1079 | D:2      | Noticed Natasha
  1085 | D:2      | 1085 ||| RETREEEEATING.
  1088 | D:2      | HP: 3/18 [cerulean imp/+2 spear[Natasha] (6)]
  1091 | D:2      | Slain by Natasha

Levels and vault maps discovered:
D:1:      minmay_arrival_shattered_statue, layout_loops_corners,
          serial_bayou_crossing
D:2:      layout_rooms, uniq_natasha, uniq_terence

Skill      XL: |  1  2  3 |
---------------+----------+-----
Dodging        | 3 4 |  4.2
Ranged Weapons | 5 |  5.0
Fighting       | |  1.5
Stealth        | |  1.5

Action                     || total
---------------------------++-------
   Fire: Shortbow          ||   107
    Use: Scroll            ||     2
         Potion            ||     2
 Armour: Robe              ||    22
  Dodge: Dodged            ||    57

Table legend:
 A = Non-vault XP
 B = Vault XP
 C = Vault XP percentage of total XP
 D = Non-vault monster count
 E = Vault monster count
 F = Vault count percentage of total count
                 A         B        C        D         E       F
            +---------+---------+-------+---------+---------+-------
      Total |      58 |      38 |  39.6 |      32 |       1 |   3.0
            +---------+---------+-------+---------+---------+-------
        D:1 |      41 |      38 |  48.1 |      24 |       1 |   4.0
        D:2 |      17 |       0 |   0.0 |       8 |       0 |   0.0
            +---------+---------+-------+---------+---------+-------
